 Dungeon Crawl Stone Soup version 0.27-a0-1188-g73eefd5def (webtiles) character file.

Game seed: 4230784466730404223

126 st0uf the Digger (level 5, -2/28 HPs)
             Began as a Gargoyle Earth Elementalist on May 21, 2021.
             Killed by nerve-wracking pain
             ... invoked by an orc priest
              (6 damage)
             ... on level 3 of the Dungeon.
             The game lasted 00:07:44 (2634 turns).

st0uf the Digger (Gargoyle Earth Elementalist)      Turns: 2634, Time: 00:07:44

Health: -2/28      AC: 15    Str: 12    XL:     5   Next: 10%
Magic:  3/8        EV: 10    Int: 16    God:
Gold:   48         SH:  0    Dex: 10    Spells: 4/8 levels left

rFire    . . .     SeeInvis .   g - +2 dagger (venom)
rCold    . . .     Faith    .   (no shield)
rNeg     + . .     Spirit   .   l - +0 ring mail
rPois    ∞         Reflect  .   o - +0 helmet
rElec    +         Harm     .   (no cloak)
rCorr    .         Rampage  .   r - +0 pair of gloves
Will     .....                  (no boots)
Stlth    +.........             (no amulet)
HPRegen  0.09/turn              e - +4 ring of protection
MPRegen  0.11/turn              (no ring)

@: very slightly contaminated
A: sickness immunity, AC +4, negative energy resistance 1, electricity
resistance, torment resistance 1, petrification resistance
a: no special abilities


You were on level 3 of the Dungeon.
You visited 1 branch of the dungeon, and saw 3 of its levels.

You collected 48 gold pieces.

Inventory:

Hand Weapons
 g - a +2 dagger of venom (weapon)
Missiles
 b - 66 stones
Armour
 c - a +0 robe
 l - a +0 ring mail (worn)
 o - a +0 helmet (worn)
 r - a +0 pair of gloves (worn)
Magical Staves
 s - a staff of conjuration
Jewellery
 e - a +4 ring of protection (left hand)
 j - a ring of resist corrosion
 q - a ring of ice
Scrolls
 a - a scroll of noise {unknown}
 d - a scroll of magic mapping {unknown}
 h - a scroll of summoning {unknown}
 i - a scroll of teleportation {unknown}
 k - a scroll of immolation {unknown}
 n - a scroll of identify {unknown}
Potions
 f - a potion of heal wounds {unknown}
 m - a potion of mutation {unknown}
 p - a potion of curing {unknown}
 t - a potion of flight {unknown}
 u - a potion of degeneration {unknown}


   Skills:
 + Level 0.5 Fighting
 * Level 2.2 Armour
 - Level 1.5 Dodging
 + Level 3.1 Stealth
 + Level 2.4 Spellcasting
 * Level 1.6 Conjurations
 + Level 0.8 Transmutations
 + Level 4.7 Earth Magic


You had 4 spell levels left.
You knew the following spells:

 Your Spells              Type           Power      Damage    Failure   Level
a - Sandblast             Erth           34%        2d9       6%          1
b - Stone Arrow           Conj/Erth      24%        3d8       34%         3

Your spell library contained the following spells:

 Spells                   Type           Power      Damage    Failure   Level
 Passwall                 Tmut/Erth      8%         N/A       22%         2
 Petrify                  Tmut/Erth      10%        N/A       80%         4
 Lee's Rapid Deconstruct  Erth           8%         3d8*      86%         5


Dungeon Overview and Level Annotations

Branches:
Dungeon (3/15)

Altars:
Sif Muna

Shops:
D:2 *


Innate Abilities, Weirdness & Mutations

You are immune to sickness and miasma.
Your stone body is resilient. (AC +4)
You are immune to poison.
You resist negative energy. (rN+)
You are resistant to electric shocks. (rElec)
You are resistant to unholy torment.
You are immune to petrification.


Message History

The orc priest misses you. The orc barely misses you.
Casting: Sandblast (safe; 6% risk of failure)
Confirm with . or Enter, or press ? or * to list all spells.
Aiming: Sandblast (safe; 6% risk of failure)
Press: ? - help, Shift-Dir - straight line, f/p - orc priest
Aim: an orc priest, wielding a +0 whip and wearing a +0 leather armour (moderately wounded, 79% to hit)
The blast of sand hits the orc priest.
The orc priest is heavily wounded.
The orc priest calls down the wrath of Beogh upon you.
Pain shoots through your body! The orc hits you but does no damage.
Casting: Sandblast (safe; 6% risk of failure)
Confirm with . or Enter, or press ? or * to list all spells.
Aiming: Sandblast (safe; 6% risk of failure)
Press: ? - help, Shift-Dir - straight line, f/p - orc priest
Aim: an orc priest, wielding a +0 whip and wearing a +0 leather armour (heavily wounded, 79% to hit)
You miscast Sandblast.
You are very lightly contaminated with residual magic.
Nothing appears to happen.
The orc priest closely misses you. The orc hits you but does no damage.
Casting: Sandblast (safe; 6% risk of failure)
Confirm with . or Enter, or press ? or * to list all spells.
Aiming: Sandblast (safe; 6% risk of failure)
Press: ? - help, Shift-Dir - straight line, f/p - orc priest
Aim: an orc priest, wielding a +0 whip and wearing a +0 leather armour (heavily wounded, 79% to hit)
The blast of sand hits the orc priest but does no damage.
The orc priest is heavily wounded.
The orc priest invokes the aid of Beogh against you.
Beogh smites you!
* * * LOW HITPOINT WARNING * * *
The orc barely misses you.
Casting: Sandblast (safe; 6% risk of failure)
Confirm with . or Enter, or press ? or * to list all spells.
Aiming: Sandblast (safe; 6% risk of failure)
Press: ? - help, Shift-Dir - straight line, f/p - orc priest
Aim: an orc priest, wielding a +0 whip and wearing a +0 leather armour (heavily wounded, 79% to hit)
The blast of sand hits the orc priest but does no damage.
The orc priest is heavily wounded.
The orc priest calls down the wrath of Beogh upon you.
Pain shoots through your body!
You die...

# #.# ### #.# ..# #.#
# #.# ##'## ##. #.#
##...## ... #.#
##.....## #.#
#.###.......## #..#
#.##.........####...##
...'.........'.)@o...#
..##.........####o..##
#####.......## .......
##.....## .#.###.
##...## ...# ##+## ..
# ... ..#


You could see an orc priest and an orc.

Vanquished Creatures
  Jessica (D:3)
  Robin (D:2)
  2 adders (D:2)
  A worm (D:2)
  A dart slug (D:1)
  2 orcs (D:3)
  6 endoplasms
  A giant cockroach (D:2)
  14 goblins
  8 hobgoblins
  2 quokkas
  3 ball pythons
  4 bats
  3 frilled lizards
  8 kobolds
  7 rats
64 creatures vanquished.

Vanquished Creatures (others)
  3 plants (D:2)
3 creatures vanquished.

Grand Total: 67 creatures vanquished

Notes
Turn   | Place    | Note
-------+----------+-------------------------------------------
     0 | D:1      | st0uf the Gargoyle Earth Elementalist began the quest for
                  | the Orb.
     0 | D:1      | Reached XP level 1. HP: 10/10 MP: 3/3
   134 | D:1      | Reached XP level 2. HP: 10/15 MP: 3/5
   416 | D:1      | Reached skill level 4 in Earth Magic
   553 | D:1      | Reached skill level 1 in Armour
   645 | D:1      | Found a faded altar of an unknown god.
   756 | D:1      | Reached XP level 3. HP: 19/19 MP: 6/6
   832 | D:2      | Reached skill level 1 in Conjurations
   960 | D:2      | Learned a level 3 spell: Stone Arrow
  1207 | D:2      | Found Xixeamp's Assorted Antiques.
  1501 | D:2      | Reached XP level 4. HP: 24/24 MP: 7/7
  1749 | D:2      | Noticed Robin
  1764 | D:2      | Killed Robin
  2329 | D:3      | Noticed Jessica
  2334 | D:3      | Killed Jessica
  2335 | D:3      | Reached XP level 5. HP: 28/28 MP: 4/8
  2372 | D:3      | Found a shimmering blue altar of Sif Muna.
  2634 | D:3      | Killed from afar by an orc priest

Illustrated notes

Levels and vault maps discovered:
D:1:      ebering_hopf_link, layout_rooms, chequers_ecumenical_altar_island
D:2:      minmay_alternating_diamond, layout_basic, serial_shops,
          nicolae_shop_overgrown_old_shop, uniq_robin
D:3:      layout_loops_corners, tgw_sif

Skill      XL: |  1  2  3  4 |
---------------+-------------+-----
Earth Magic    | 4 |  4.7
Armour         | 1 2 |  2.2
Conjurations   | 1 |  1.6
Stealth        | 3 |  3.1
Fighting       | |  0.5
Dodging        | |  1.5
Spellcasting   | |  2.4
Transmutations | |  0.8

Action                   |  1- 3 |  4- 6 || total
-------------------------+-------+-------++-------
Melee: Unarmed           |    59 |       ||    59
       Dagger            |    87 |    55 ||   142
 Cast: Sandblast         |     7 |     7 ||    14
 Stab: Sleeping          |     6 |       ||     6
Armor: Robe              |    33 |       ||    33
       Ring mail         |    26 |    22 ||    48
Dodge: Dodged            |    71 |    36 ||   107

Table legend: (Time is in decaauts)
 A = Elapsed time spent in this place.
 B = Non-inter-level travel time spent in this place.
 C = Inter-level travel time spent in this place.
 D = Time resting spent in this place.
 E = Time spent auto-exploring this place.
 F = Levels seen in this place.
 G = Mean time per level.
                   A        B        C        D        E       F      G
               +--------+--------+--------+--------+--------+-----+--------+
         Total |   2634 |   2533 |    101 |    352 |   1566 |   3 |  878.0 |
       Dungeon |   2634 |   2533 |    101 |    352 |   1566 |   3 |  878.0 |
               +--------+--------+--------+--------+--------+-----+--------+

Top non-repeatable levels by time:
     D:2: 1368 daAuts
     D:1: 803 daAuts
     D:3: 461 daAuts
